Map: Port Aleksander LE

Players

Friend

  • Race: Zerg Zerg
  • Spawn Location: 11:00

SouLeer - Winner!

  • Race: Zerg Zerg
  • Spawn Location: 5:00

Event: 2019 WCS Spring

VOD

Have the link to the VOD?

Description

Time

  • Played on: May 17, 2019, 8:45 a.m.
  • Length: 4:32

All games in this series

Show
View Real Time Build Order
Export as new Build Order

Friend Zerg 

Build Orders: Hatch First 

Get SALT Encoding   

  12  0:00  Drone  
  13  0:12  Overlord  
  13  0:18  Drone  
  14  0:31  Drone x2  
  16  0:49  Hatchery  
  15  0:52  Drone  
  15  0:56  Drone  
  17  0:59  Drone  
  18  1:10  Extractor  
  17  1:15  Spawning Pool  
  17  1:18  Drone  
  17  1:21  Drone  
  18  1:28  Drone  
  19  1:38  Overlord  
  19  1:50  Drone  
  20  2:02  Queen x2, Zergling x2  
  20  2:03  Drone  
  26  2:14  Zergling x4  
  28  2:16  Metabolic Boost  
  28  2:23  Drone x2  
  30  2:42  Overlord  
  30  2:43  Drone  
  31  2:44  Drone x2  
  31  2:47  Baneling Nest  
  32  2:54  Drone  
  33  3:07  Hatchery  
  33  3:10  Queen  
  34  3:15  Drone  
  34  3:16  Drone x3  
  38  3:23  Zergling x6  
  41  3:30  Spine Crawler  
  40  3:37  Evolution Chamber  
  36  3:44  Zergling x4  
  37  3:50  Zergling x2  
  37  3:51  Zergling x2  
  37  3:53  Spine Crawler  
  37  3:55  Zergling x4  
  35  3:58  Zergling x4  
  35  4:09  Zergling x6  
Show
View Real Time Build Order
Export as new Build Order

SouLeer Zerg - Winner!

Build Orders: Pool First, Zergling Baneling 

Get SALT Encoding   

  12  0:00  Drone  
  13  0:14  Overlord  
  13  0:18  Drone  
  14  0:32  Drone x2  
  16  0:36  Drone  
  16  0:42  Extractor  
  16  0:48  Spawning Pool  
  15  0:52  Drone  
  16  0:58  Drone  
  17  1:19  Hatchery  
  16  1:35  Zergling x6  
  19  1:42  Queen  
  21  1:50  Metabolic Boost  
  21  1:58  Overlord  
  21  2:01  Drone  
  22  2:16  Drone  
  22  2:18  Queen  
  22  2:22  Drone  
  26  2:27  Baneling Nest  
  25  2:31  Drone  
  27  2:37  Drone  
  27  2:42  Zergling x4  
  29  2:51  Zergling x4  
  31  2:53  Zergling x2  
  31  2:56  Zergling x2  
  32  2:59  Zergling x2  
  32  3:05  Zergling x4  
  35  3:11  Baneling  
  35  3:12  Baneling x3  
  35  3:15  Overlord  
  35  3:19  Zergling x2  
  33  3:41  Zergling x2  
  33  3:42  Baneling x2, Zergling x12  
  38  3:52  Zergling x2  
  38  3:53  Zergling x2  
  39  3:56  Zergling x4  
  39  4:00  Zergling x4  
  43  4:03  Zergling x2  
  43  4:07  Baneling x2  
Tags
 
Add a new tag
Caveats
  • Supply blocks, unpowered buildings, or Contaminate may cause inaccurate times.
  • Supply counts are checked every 10 seconds.